[Event "Corsica Masters/Corsican Circuit 2010"]
[Site "Bastia/France"]
[Date "2010.10.26"]
[Round "4"]
[White "Balogh, Csaba"]
[Black "Jones, Gawain C"]
[Result "1/2-1/2"]
[ECO "B36"]
[WhiteElo "2628"]
[BlackElo "2568"]
[Annotator "Robot 4"]
[PlyCount "54"]
[EventDate "2010.??.??"]
[TimeControl "5400+30"]

1. e4 c5 2. Nf3 g6 3. d4 cxd4 4. Nxd4 Nc6 5. c4 Nf6 6. Nc3 d6 7. Be2 Nxd4 8.
Qxd4 Bg7 9. Be3 O-O 10. Qd2 a5 11. O-O a4 12. Rad1 Qa5 13. Bd4 Bd7 14. Qe3 Bc6
15. e5 Nd7 16. e6 Nc5 17. Nd5 Bxd5 18. cxd5 Qb4 19. h4 f5 20. h5 Bxd4 21. Rxd4
Qxb2 22. hxg6 hxg6 23. Rh4 Qg7 24. g3 Qe5 25. Qh6 Qg7 26. Qe3 Qe5 27. Qh6 Qg7
1/2-1/2

[Event "Corsica Masters/Corsican Circuit 2010"]
[Site "Bastia/France"]
[Date "2010.10.26"]
[Round "4"]
[White "Bluvshtein, Mark"]
[Black "Shchekachev, Andrei"]
[Result "0-1"]
[ECO "E92"]
[WhiteElo "2583"]
[BlackElo "2546"]
[Annotator "Robot 4"]
[PlyCount "56"]
[EventDate "2010.??.??"]
[TimeControl "5400+30"]

1. d4 Nf6 2. c4 g6 3. Nc3 Bg7 4. e4 d6 5. h3 O-O 6. Bg5 Nbd7 7. Nf3 e5 8. d5 a5
9. Be2 Nc5 10. Nd2 Bd7 11. O-O h6 12. Be3 Nh7 13. Qc2 Qh4 14. Nf3 Qe7 15. Qc1
f5 16. exf5 gxf5 17. Nh2 Ng5 18. f4 exf4 19. Rxf4 Rae8 20. Bd4 Nxh3+ 21. gxh3
Bxd4+ 22. Rxd4 Qg7+ 23. Kh1 Qxd4 24. Qxh6 Re7 25. Bh5 Rg7 26. Nf3 Qf6 27. Qf4
Nd3 28. Qe3 Nxb2 0-1

[Event "Corsica Masters/Corsican Circuit 2010"]
[Site "Bastia/France"]
[Date "2010.10.26"]
[Round "4"]
[White "Guliyev, Namig"]
[Black "David, Alberto"]
[Result "1/2-1/2"]
[ECO "B85"]
[WhiteElo "2510"]
[BlackElo "2622"]
[Annotator "Robot 4"]
[PlyCount "91"]
[EventDate "2010.??.??"]
[TimeControl "5400+30"]

1. e4 c5 2. Nf3 e6 3. d4 cxd4 4. Nxd4 Nc6 5. Nc3 Qc7 6. Be2 a6 7. O-O Nf6 8.
Be3 Be7 9. f4 d6 10. Kh1 O-O 11. Qe1 Nxd4 12. Bxd4 b5 13. a3 Bb7 14. Qg3 g6 15.
Bd3 Nh5 16. Qe3 Nxf4 17. Qxf4 e5 18. Qf2 exd4 19. Qxd4 Qc5 20. Qxc5 dxc5 21.
Nd5 Bxd5 22. exd5 c4 23. Be4 Bd6 24. Bf3 Rfe8 25. a4 Kg7 26. g3 h5 27. Kg2 b4
28. Rae1 a5 29. Re2 Rac8 30. Rd1 Rxe2+ 31. Bxe2 c3 32. b3 Re8 33. Bf3 f5 34.
Rd4 Re1 35. Rd1 Re7 36. h4 Kf6 37. Rh1 Re5 38. Rf1 Bc5 39. Rd1 Ke7 40. Kf1 Kd6
41. Re1 Be3 42. Kg2 Re7 43. Re2 Re5 44. Re1 Re7 45. Re2 Re5 46. Re1 1/2-1/2

[Event "Corsica Masters/Corsican Circuit 2010"]
[Site "Bastia/France"]
[Date "2010.10.26"]
[Round "4"]
[White "Malaniuk, Vladimir P"]
[Black "Bokros, Albert"]
[Result "1/2-1/2"]
[ECO "E14"]
[WhiteElo "2543"]
[BlackElo "2485"]
[Annotator "Robot 4"]
[PlyCount "45"]
[EventDate "2010.??.??"]
[TimeControl "5400+30"]

1. d4 Nf6 2. Nf3 e6 3. c4 b6 4. e3 Bb7 5. Bd3 Be7 6. Nc3 d5 7. O-O O-O 8. Qe2
c5 9. Rd1 Nc6 10. cxd5 exd5 11. Bb5 a6 12. Bxc6 Bxc6 13. b3 Bb7 14. Ba3 Rc8 15.
dxc5 Bxc5 16. Bb2 Qe7 17. Na4 Rfd8 18. Rac1 Ne4 19. Nd2 Nf6 20. Nf3 Ne4 21. Nd2
Nf6 22. Nf3 Ne4 23. Nd2 1/2-1/2

[Event "Corsica Masters/Corsican Circuit 2010"]
[Site "Bastia/France"]
[Date "2010.10.26"]
[Round "4"]
[White "Meszaros, Tamas"]
[Black "Fressinet, Laurent"]
[Result "1/2-1/2"]
[ECO "B07"]
[WhiteElo "2448"]
[BlackElo "2697"]
[Annotator "Robot 4"]
[PlyCount "117"]
[EventDate "2010.??.??"]
[TimeControl "5400+30"]

1. e4 d6 2. d4 Nf6 3. Nc3 g6 4. Be3 a6 5. f3 b5 6. Qd2 Nbd7 7. O-O-O Bb7 8. h4
Nb6 9. g4 h5 10. g5 Nfd7 11. d5 c5 12. dxc6 Bxc6 13. Bd4 e5 14. Be3 Qc7 15. Nh3
Rc8 16. Rh2 Nc5 17. Nd5 Bxd5 18. exd5 Nca4 19. Nf2 Nxd5 20. Ne4 Nxe3 21. Nf6+
Kd8 22. Qxe3 Qc5 23. Qb3 Be7 24. Qxf7 Rc7 25. Rhd2 Qb4 26. c3 Qxh4 27. Qe6 Qf4
28. Bh3 Nc5 29. Qd5 Nb7 30. Qe6 Nc5 31. Qd5 Nb7 32. Ne4 Rf8 33. Kb1 Qxf3 34.
Be6 Rf4 35. Re1 h4 36. Qxe5 Ke8 37. Nxd6+ Nxd6 38. Rxd6 Bxd6 39. Bd7+ Kf7 40.
Qxd6 Rxd7 41. Qxd7+ Kg8 42. Qe8+ Kg7 43. Qe5+ Kh7 44. a3 h3 45. Re3 Qf1+ 46.
Re1 Qf3 47. Re3 Qf1+ 48. Re1 Qd3+ 49. Ka1 Rf7 50. Re4 Qf1+ 51. Ka2 Qf2 52. Qe8
Rc7 53. Qd8 Qf7+ 54. Kb1 Qf1+ 55. Ka2 Qf7+ 56. c4 Kg7 57. Qd4+ Kg8 58. Qd8+ Kg7
59. Rh4 1/2-1/2

[Event "Corsica Masters/Corsican Circuit 2010"]
[Site "Bastia/France"]
[Date "2010.10.26"]
[Round "4"]
[White "Vajda, Szidonia"]
[Black "Horvath, Adam"]
[Result "0-1"]
[ECO "B06"]
[WhiteElo "2338"]
[BlackElo "2501"]
[Annotator "Robot 4"]
[PlyCount "102"]
[EventDate "2010.??.??"]
[TimeControl "5400+30"]

1. e4 g6 2. d4 Bg7 3. Nf3 d6 4. Nc3 a6 5. a4 Nd7 6. Be2 c5 7. Be3 Ngf6 8. h3
Qc7 9. O-O O-O 10. d5 Rb8 11. Nd2 Re8 12. f4 e6 13. dxe6 Rxe6 14. Bf2 Re8 15.
Bg3 b6 16. f5 Qc6 17. Bf3 Ne5 18. Bxe5 dxe5 19. fxg6 hxg6 20. Nc4 Be6 21. Ne3
c4 22. Qe2 Qc5 23. Kh1 Qb4 24. Rab1 Rbd8 25. Rfd1 Rd4 26. g4 Bh6 27. Ned5 Bxd5
28. Nxd5 Nxd5 29. exd5 Qxa4 30. c3 Rd3 31. b3 Rxd1+ 32. Qxd1 cxb3 33. Qxb3 Qxb3
34. Rxb3 Be3 35. Be4 Bc5 36. Rb1 Kg7 37. Kg2 a5 38. Ra1 Rc8 39. c4 Bd4 40. Ra4
Kf6 41. h4 Ke7 42. Kg3 Bc3 43. h5 gxh5 44. gxh5 Kf6 45. h6 Kg5 46. h7 f5 47. d6
fxe4 48. d7 Rd8 49. Ra3 Bd4 50. Ra2 e3 51. Rh2 e4 0-1

[Event "Corsica Masters/Corsican Circuit 2010"]
[Site "Bastia/France"]
[Date "2010.10.27"]
[Round "5"]
[White "Arbau, Eric"]
[Black "Malaniuk, Vladimir P"]
[Result "0-1"]
[ECO "C24"]
[WhiteElo "1933"]
[BlackElo "2543"]
[Annotator "Robot 4"]
[PlyCount "72"]
[EventDate "2010.??.??"]
[TimeControl "5400+30"]

1. e4 e5 2. Bc4 Nf6 3. d4 exd4 4. Nf3 Bb4+ 5. c3 dxc3 6. bxc3 d5 7. exd5 Bc5 8.
Qe2+ Qe7 9. Qxe7+ Kxe7 10. Bf4 Bd6 11. Bg3 Rd8 12. Bh4 h6 13. Bxf6+ Kxf6 14.
O-O Bf5 15. Nbd2 Nd7 16. Rfe1 Re8 17. Nd4 Bh7 18. Bb5 Rxe1+ 19. Rxe1 Nb6 20.
Ne4+ Bxe4 21. Rxe4 a6 22. Bd3 Nxd5 23. Bc4 Nb6 24. Bb3 g6 25. g4 Nd7 26. Bd1
Rd8 27. h4 Kg7 28. g5 hxg5 29. hxg5 Nc5 30. Rg4 Be5 31. Bf3 c6 32. Kf1 Kf8 33.
Ke2 Bxd4 34. Rxd4 Rxd4 35. cxd4 Ne6 36. d5 Nd4+ 0-1

[Event "Corsica Masters/Corsican Circuit 2010"]
[Site "Bastia/France"]
[Date "2010.10.27"]
[Round "5"]
[White "Bigonnet, Jean Michel"]
[Black "Balogh, Csaba"]
[Result "0-1"]
[ECO "D01"]
[WhiteElo "1925"]
[BlackElo "2628"]
[Annotator "Robot 4"]
[PlyCount "118"]
[EventDate "2010.??.??"]
[TimeControl "5400+30"]

1. d4 d5 2. Nc3 Nf6 3. Bg5 c5 4. e3 Nc6 5. Nf3 Bg4 6. Be2 e6 7. O-O Be7 8. a3
O-O 9. Qd2 Qa5 10. Rad1 Rac8 11. Ne5 cxd4 12. exd4 Bxe2 13. Qxe2 Rfe8 14. Bxf6
Bxf6 15. f4 Qb6 16. Qb5 Qxb5 17. Nxb5 Be7 18. Nxc6 bxc6 19. Nc3 c5 20. Ne2 Rb8
21. Rb1 Rb6 22. dxc5 Bxc5+ 23. Kh1 Reb8 24. b4 Be7 25. Rf3 Bf6 26. c3 Rc8 27.
g3 Rbc6 28. Rb3 g5 29. fxg5 Bxg5 30. Nd4 R6c7 31. b5 Rc4 32. Nc6 a6 33. bxa6
R4xc6 34. a7 Ra6 35. Rb8 Rf8 36. Rb7 Bc1 37. c4 Bxa3 38. cxd5 exd5 39. Rf5 Bc5
40. Rg5+ Kh8 41. Rxd5 Rxa7 42. Rb5 Be7 43. Rb6 Kg7 44. Rh5 f6 45. Rd5 Rd8 46.
Rxd8 Bxd8 47. Rb2 Kg6 48. Kg2 Bc7 49. Re2 Be5 50. Rc2 h5 51. Re2 Rb7 52. Kh3
Rb4 53. Kg2 Rb2 54. Rxb2 Bxb2 55. Kf3 Kf5 56. Kg2 h4 57. Kh3 hxg3 58. hxg3 Kg5
59. Kg2 Kg4 0-1

[Event "Corsica Masters/Corsican Circuit 2010"]
[Site "Bastia/France"]
[Date "2010.10.27"]
[Round "5"]
[White "Bokros, Albert"]
[Black "Dimitrov, Pavel"]
[Result "1/2-1/2"]
[ECO "C90"]
[WhiteElo "2485"]
[BlackElo "2365"]
[Annotator "Robot 4"]
[PlyCount "27"]
[EventDate "2010.??.??"]
[TimeControl "5400+30"]

1. e4 e5 2. Nf3 Nc6 3. Bb5 a6 4. Ba4 Nf6 5. O-O b5 6. Bb3 Be7 7. Re1 O-O 8. d3
d6 9. c3 Na5 10. Bc2 c5 11. Nbd2 Nc6 12. Nf1 Re8 13. Ng3 Bf8 14. h3 1/2-1/2

[Event "Corsica Masters/Corsican Circuit 2010"]
[Site "Bastia/France"]
[Date "2010.10.27"]
[Round "5"]
[White "Braeuning, Rudolf Wilhelm"]
[Black "Fedorchuk, Sergey A"]
[Result "1/2-1/2"]
[ECO "B06"]
[WhiteElo "2371"]
[BlackElo "2665"]
[Annotator "Robot 4"]
[PlyCount "51"]
[EventDate "2010.??.??"]
[TimeControl "5400+30"]

1. e4 c5 2. c3 d5 3. exd5 Qxd5 4. d4 g6 5. Na3 cxd4 6. Nf3 Bg7 7. Bc4 Qe4+ 8.
Be3 Nh6 9. Nb5 Na6 10. cxd4 O-O 11. O-O Bg4 12. Ng5 Qxe3 13. fxe3 Bxd1 14.
Raxd1 Nb4 15. Rf3 Nc6 16. Rdf1 Nd8 17. Bb3 a6 18. Nc7 Ra7 19. Nce6 Nxe6 20.
Nxe6 Rc8 21. Ng5 Bf6 22. Ne4 Bg7 23. Ng5 Bf6 24. Ne4 Bg7 25. Rxf7 Kh8 26. Rxe7
1/2-1/2

[Event "Corsica Masters/Corsican Circuit 2010"]
[Site "Bastia/France"]
[Date "2010.10.27"]
[Round "5"]
[White "David, Alberto"]
[Black "Meszaros, Tamas"]
[Result "1/2-1/2"]
[ECO "E04"]
[WhiteElo "2622"]
[BlackElo "2448"]
[Annotator "Robot 4"]
[PlyCount "80"]
[EventDate "2010.??.??"]
[TimeControl "5400+30"]

1. d4 Nf6 2. c4 e6 3. g3 d5 4. Nf3 dxc4 5. Bg2 a6 6. Ne5 c5 7. Be3 Nd5 8. dxc5
Nd7 9. Bd4 Nxe5 10. Bxe5 Bxc5 11. Bxg7 Rg8 12. Be5 Qg5 13. f4 Qd8 14. Bxd5 Qxd5
15. Qxd5 exd5 16. Nc3 Be6 17. O-O-O O-O-O 18. Bd4 Bb4 19. Bf6 Rd7 20. Na4 Kc7
21. a3 Bd6 22. Nc3 Rg6 23. Bd4 f5 24. Rd2 b5 25. Rhd1 Kc6 26. e3 Bf7 27. Ne2
Re6 28. Bc3 Bc5 29. Nd4+ Bxd4 30. Bxd4 Bh5 31. Rf1 a5 32. Rc2 a4 33. Kd2 Rde7
34. Rcc1 Re8 35. Rce1 Bg4 36. Kc3 Rh6 37. Rf2 Rh3 38. Be5 Re6 39. Rc1 Reh6 40.
Rcc2 Re6 1/2-1/2

[Event "Corsica Masters/Corsican Circuit 2010"]
[Site "Bastia/France"]
[Date "2010.10.27"]
[Round "5"]
[White "Jones, Gawain C"]
[Black "Guliyev, Namig"]
[Result "1/2-1/2"]
[ECO "C42"]
[WhiteElo "2568"]
[BlackElo "2510"]
[Annotator "Robot 4"]
[PlyCount "157"]
[EventDate "2010.??.??"]
[TimeControl "5400+30"]

1. e4 e5 2. Nf3 Nf6 3. Nxe5 d6 4. Nf3 Nxe4 5. Nc3 Nxc3 6. dxc3 Be7 7. Be3 Nc6
8. Qd2 Be6 9. O-O-O Qd7 10. Kb1 a6 11. h4 h6 12. Nd4 Nxd4 13. Bxd4 Rg8 14. c4
O-O-O 15. Qc3 f6 16. Be2 Kb8 17. Rhe1 Bf7 18. Bf3 Rge8 19. Qb3 Qc8 20. Bc6 Bxc4
21. Qb4 Bb5 22. Bxb5 axb5 23. Qxb5 Bf8 24. h5 c5 25. Bc3 Qc6 26. Qxc6 bxc6 27.
Ba5 Rc8 28. c4 Kb7 29. b3 Ra8 30. Rxe8 Rxe8 31. Re1 Ra8 32. Bd2 Kc7 33. a4 d5
34. a5 Bd6 35. Kc2 Kd7 36. f4 Bc7 37. g4 Ra7 38. g5 fxg5 39. fxg5 hxg5 40. Bxg5
Bd8 41. Bxd8 Kxd8 42. Rg1 Rxa5 43. Rxg7 Ra2+ 44. Kd3 Rh2 45. Rh7 Rh3+ 46. Kc2
Rh2+ 47. Kd1 Ke8 48. h6 Kf8 49. Rh8+ Kf7 50. h7 dxc4 51. bxc4 Kg7 52. Rc8 Rxh7
53. Rxc6 Rh5 54. Kc2 Kf7 55. Kb3 Ke7 56. Ka4 Kd7 57. Kb5 Rg5 58. Kb6 Re5 59.
Rh6 Rf5 60. Rh1 Rg5 61. Rd1+ Kc8 62. Kc6 Rg6+ 63. Kxc5 Kc7 64. Rh1 Rg5+ 65. Kb4
Kb7 66. c5 Rg6 67. Kb5 Kc7 68. Rh7+ Kc8 69. Rh5 Kb8 70. Re5 Kc8 71. c6 Rg1 72.
Kc5 Rc1+ 73. Kd6 Rd1+ 74. Rd5 Rxd5+ 75. Kxd5 Kc7 76. Kc5 Kc8 77. Kb6 Kb8 78.
c7+ Kc8 79. Kc6 1/2-1/2

[Event "Corsica Masters/Corsican Circuit 2010"]
[Site "Bastia/France"]
[Date "2010.10.27"]
[Round "5"]
[White "Van Wely, Loek"]
[Black "Shchekachev, Andrei"]
[Result "1-0"]
[ECO "E94"]
[WhiteElo "2677"]
[BlackElo "2546"]
[Annotator "Robot 4"]
[PlyCount "92"]
[EventDate "2010.??.??"]
[TimeControl "5400+30"]

1. d4 Nf6 2. c4 g6 3. Nc3 Bg7 4. e4 d6 5. Nf3 O-O 6. Be2 e5 7. O-O exd4 8. Nxd4
Re8 9. f3 c6 10. Kh1 Nbd7 11. Bg5 Qb6 12. Nb3 a5 13. Qd2 a4 14. Be3 Qd8 15. Nd4
Nc5 16. Rfd1 Nfd7 17. Rab1 Be5 18. Bg5 Qa5 19. Be3 Qd8 20. Bf2 Qe7 21. Bf1 Nf8
22. b4 axb3 23. axb3 Ra3 24. Qc2 Nfe6 25. Nde2 Nf4 26. Nxf4 Bxf4 27. b4 Ne6 28.
Rd3 Ra8 29. Na4 Be5 30. g3 Nf8 31. Nb6 Ra1 32. Rxa1 Bxa1 33. Qd1 Be5 34. f4 Bg7
35. Bg2 Be6 36. Rxd6 Bd5 37. Rxd5 cxd5 38. Bc5 Qd8 39. cxd5 Nd7 40. Nxd7 Qxd7
41. e5 Ra8 42. h3 Ra2 43. d6 Rb2 44. Qd4 Rb1+ 45. Kh2 Rc1 46. Qe4 Qd8 1-0

[Event "Corsica Masters/Corsican Circuit 2010"]
[Site "Bastia/France"]
[Date "2010.10.28"]
[Round "6"]
[White "Balogh, Csaba"]
[Black "Horvath, Adam"]
[Result "*"]
[ECO "B46"]
[WhiteElo "2628"]
[BlackElo "2501"]
[Annotator "Robot 3"]
[PlyCount "30"]
[EventDate "2010.??.??"]
[TimeControl "5400+30"]

1. e4 c5 2. Nf3 e6 3. d4 cxd4 4. Nxd4 Nc6 5. Nc3 a6 6. Be3 Nf6 7. Qd2 Bb4 8. f3
d5 9. a3 Qa5 10. axb4 Qxa1+ 11. Kf2 O-O 12. Nxc6 bxc6 13. exd5 Nxd5 14. Bd4 e5
15. Bxe5 Qxb2 *

[Event "Corsica Masters/Corsican Circuit 2010"]
[Site "Bastia/France"]
[Date "2010.10.28"]
[Round "6"]
[White "Balogh, Csaba"]
[Black "Horvath, Adam"]
[Result "1/2-1/2"]
[ECO "B46"]
[WhiteElo "2628"]
[BlackElo "2501"]
[Annotator "Robot 3"]
[PlyCount "47"]
[EventDate "2010.??.??"]
[TimeControl "5400+30"]

1. e4 c5 2. Nf3 e6 3. d4 cxd4 4. Nxd4 Nc6 5. Nc3 a6 6. Be3 Nf6 7. Qd2 Bb4 8. f3
d5 9. a3 Qa5 10. axb4 Qxa1+ 11. Kf2 O-O 12. Nxc6 bxc6 13. exd5 Nxd5 14. Bd4 e5
15. Bxe5 Qxb2 16. Bc4 Qxb4 17. Bxd5 cxd5 18. Bxg7 Kxg7 19. Qg5+ Kh8 20. Qf6+
Kg8 21. Qg5+ Kh8 22. Qf6+ Kg8 23. Qg5+ Kh8 24. Qf6+ 1/2-1/2

[Event "Corsica Masters/Corsican Circuit 2010"]
[Site "Bastia/France"]
[Date "2010.10.28"]
[Round "6"]
[White "Czebe, Attila"]
[Black "Bologan, Viktor"]
[Result "0-1"]
[ECO "A57"]
[WhiteElo "2461"]
[BlackElo "2695"]
[Annotator "Robot 3"]
[PlyCount "84"]
[EventDate "2010.??.??"]
[TimeControl "5400+30"]

1. d4 Nf6 2. c4 g6 3. g3 c5 4. d5 b5 5. Bg2 d6 6. cxb5 a6 7. b6 Nbd7 8. Nc3 Bg7
9. Nf3 O-O 10. O-O a5 11. h3 Nxb6 12. Nh4 a4 13. a3 Nfd7 14. f4 Nc4 15. Nf3 Qb6
16. Nxa4 Qa5 17. Nc3 Bxc3 18. bxc3 Qxc3 19. Rb1 Ne3 20. Qe1 Qxe1 21. Rxe1 Nxg2
22. Kxg2 f5 23. Bb2 Ba6 24. Rbd1 Nb6 25. e4 fxe4 26. Rxe4 Ra7 27. a4 Rf5 28. a5
Nxd5 29. Nh4 Bb7 30. Kg1 Rf7 31. Ra4 Rf8 32. Ra3 Rfa8 33. f5 g5 34. Nf3 Rxa5
35. Rxa5 Rxa5 36. Nxg5 Ra2 37. Rb1 Nb4 38. f6 exf6 39. Bxf6 h6 40. Ne6 Rg2+ 41.
Kf1 Rxg3 42. Be7 Rxh3 0-1

[Event "Corsica Masters/Corsican Circuit 2010"]
[Site "Bastia/France"]
[Date "2010.10.28"]
[Round "6"]
[White "Fedorchuk, Sergey A"]
[Black "Vajda, Levente"]
[Result "0-1"]
[ECO "C91"]
[WhiteElo "2665"]
[BlackElo "2505"]
[Annotator "Robot 3"]
[PlyCount "71"]
[EventDate "2010.??.??"]
[TimeControl "5400+30"]

1. e4 e5 2. Nf3 Nc6 3. Bb5 a6 4. Ba4 Nf6 5. O-O Be7 6. Re1 b5 7. Bb3 d6 8. c3
O-O 9. d4 Bg4 10. Be3 exd4 11. cxd4 d5 12. e5 Ne4 13. Nc3 Nxc3 14. bxc3 Bh5 15.
Bf4 Na5 16. Bc2 c5 17. dxc5 Rc8 18. a4 Rxc5 19. axb5 axb5 20. Bxh7+ Kxh7 21.
Ng5+ Bxg5 22. Qxh5+ Bh6 23. e6 Nc6 24. Qf5+ Kg8 25. Bxh6 gxh6 26. Re3 Qe7 27.
Rae1 d4 28. Rg3+ Kh8 29. Qf4 Rg5 30. h4 fxe6 31. Qxf8+ Qxf8 32. hxg5 dxc3 33.
Rxc3 Qb4 34. Ree3 Nd4 35. Rc8+ Kh7 36. Rc7+ 0-1

[Event "Corsica Masters/Corsican Circuit 2010"]
[Site "Bastia/France"]
[Date "2010.10.28"]
[Round "6"]
[White "Guliyev, Namig"]
[Black "Van Wely, Loek"]
[Result "0-1"]
[ECO "B51"]
[WhiteElo "2510"]
[BlackElo "2677"]
[Annotator "Robot 3"]
[PlyCount "70"]
[EventDate "2010.??.??"]
[TimeControl "5400+30"]

1. e4 c5 2. Nf3 d6 3. Bb5+ Nd7 4. d4 cxd4 5. Qxd4 a6 6. Bxd7+ Bxd7 7. Nc3 Rc8
8. Be3 Nf6 9. O-O-O e5 10. Qd3 h6 11. Kb1 Qc7 12. Nd2 b5 13. a3 Be7 14. f3 Rb8
15. g4 a5 16. h4 b4 17. axb4 axb4 18. Nd5 Nxd5 19. exd5 O-O 20. g5 h5 21. Rdg1
g6 22. Ne4 Bb5 23. Qd1 Ra8 24. b3 Ra6 25. Bc1 Rfa8 26. Bb2 Qa7 27. c4 Ra1+ 28.
Kc2 Rxd1 29. Rxd1 Bd7 30. Ra1 Qb7 31. Rxa8+ Qxa8 32. Ra1 Qb7 33. Kd2 Bf5 34.
Ke2 Bxe4 35. fxe4 Qc8 0-1

[Event "Corsica Masters/Corsican Circuit 2010"]
[Site "Bastia/France"]
[Date "2010.10.28"]
[Round "6"]
[White "Malaniuk, Vladimir P"]
[Black "Karpatchev, Aleksandr"]
[Result "1-0"]
[ECO "D20"]
[WhiteElo "2543"]
[BlackElo "2476"]
[Annotator "Robot 3"]
[PlyCount "73"]
[EventDate "2010.??.??"]
[TimeControl "5400+30"]

1. d4 d5 2. c4 e5 3. e3 exd4 4. exd4 dxc4 5. Bxc4 Nf6 6. Nf3 Bd6 7. Qe2+ Be7 8.
O-O O-O 9. h3 a6 10. Nc3 Nc6 11. Re1 Bb4 12. Bg5 Bf5 13. a3 Bxc3 14. bxc3 Qd6
15. Nd2 Rae8 16. Qf3 Bc2 17. Rac1 Rxe1+ 18. Rxe1 b5 19. Bxf6 bxc4 20. Bg5 Bd3
21. Ne4 Bxe4 22. Qxe4 h6 23. Bf4 Qd7 24. Qe2 Na5 25. Qe7 Qxe7 26. Rxe7 Rc8 27.
Bxc7 Nc6 28. Rd7 Nb8 29. Bxb8 Rxb8 30. Rc7 Rb3 31. Rxc4 Rxa3 32. Rc8+ Kh7 33.
Kf1 Ra2 34. d5 a5 35. c4 a4 36. d6 Rd2 37. c5 1-0

[Event "Corsica Masters/Corsican Circuit 2010"]
[Site "Bastia/France"]
[Date "2010.10.28"]
[Round "6"]
[White "Shirazi, Kamran G"]
[Black "David, Alberto"]
[Result "1/2-1/2"]
[ECO "D55"]
[WhiteElo "2428"]
[BlackElo "2622"]
[Annotator "Robot 3"]
[PlyCount "63"]
[EventDate "2010.??.??"]
[TimeControl "5400+30"]

1. d4 d5 2. c4 e6 3. Nc3 Nf6 4. Bg5 Be7 5. e3 h6 6. Bxf6 Bxf6 7. Nf3 O-O 8.
cxd5 exd5 9. Bd3 c5 10. dxc5 Bxc3+ 11. bxc3 Nd7 12. O-O Nxc5 13. Nd4 Qf6 14.
Bc2 Rd8 15. Rc1 Bd7 16. Bb3 Be6 17. Qe2 Rac8 18. h3 Qg6 19. Nxe6 Nxb3 20. Nxd8
Nxc1 21. Rxc1 Rxd8 22. Qd2 b5 23. Qd4 a6 24. a4 bxa4 25. Qxa4 Rc8 26. Qa5 Qd3
27. Qb6 Qd2 28. Ra1 Rxc3 29. Qxa6 Rc1+ 30. Rxc1 Qxc1+ 31. Qf1 Qd2 32. g4
1/2-1/2

[Event "Corsica Masters/Corsican Circuit 2010"]
[Site "Bastia/France"]
[Date "2010.10.29"]
[Round "7"]
[White "Bokros, Albert"]
[Black "Bluvshtein, Mark"]
[Result "1/2-1/2"]
[ECO "C42"]
[WhiteElo "2485"]
[BlackElo "2583"]
[Annotator "Robot 3"]
[PlyCount "86"]
[EventDate "2010.??.??"]
[TimeControl "5400+30"]

1. e4 e5 2. Nf3 Nf6 3. Nxe5 d6 4. Nf3 Nxe4 5. Qe2 Qe7 6. d3 Nf6 7. Nc3 Qxe2+ 8.
Bxe2 Be7 9. O-O c6 10. Re1 Na6 11. a3 O-O 12. h3 Nc7 13. Nd4 Re8 14. Bf3 Bd7
15. Bf4 Ne6 16. Nxe6 Bxe6 17. Ne4 Rad8 18. Nxf6+ Bxf6 19. c3 d5 20. d4 Bd7 21.
Kf1 Kf8 22. Bd6+ Be7 23. Bf4 Bf6 24. Bc7 Rxe1+ 25. Rxe1 Re8 26. Bd6+ Be7 27.
Bxe7+ Rxe7 28. Rxe7 Kxe7 29. Ke2 h6 30. h4 g5 31. hxg5 hxg5 32. Ke3 f5 33. g3
Kd6 34. Be2 Be6 35. f4 g4 36. b4 b5 37. Bd1 a6 38. a4 Bd7 39. axb5 axb5 40. Bc2
Bc8 41. Bd3 Bd7 42. Bc2 Bc8 43. Bd3 Bd7 1/2-1/2

[Event "Corsica Masters/Corsican Circuit 2010"]
[Site "Bastia/France"]
[Date "2010.10.29"]
[Round "7"]
[White "David, Alberto"]
[Black "Vajda, Szidonia"]
[Result "1/2-1/2"]
[ECO "D22"]
[WhiteElo "2622"]
[BlackElo "2338"]
[Annotator "Robot 3"]
[PlyCount "88"]
[EventDate "2010.??.??"]
[TimeControl "5400+30"]

1. d4 d5 2. c4 dxc4 3. Nf3 a6 4. e3 b5 5. a4 Bb7 6. b3 e6 7. bxc4 bxc4 8. Bxc4
Nf6 9. Nbd2 c5 10. Ba3 cxd4 11. Bxf8 Kxf8 12. exd4 g6 13. O-O Kg7 14. Rb1 Bd5
15. Qe2 Bxc4 16. Nxc4 Nc6 17. Rb7 Ra7 18. Rxa7 Nxa7 19. Nce5 Qb6 20. Ng5 Rf8
21. Qd3 Nc6 22. Rb1 Nb4 23. Qf3 a5 24. h4 Qxd4 25. Nexf7 Qd5 26. Qxd5 exd5 27.
Nd6 Kg8 28. Ne6 Rb8 29. Rc1 Ne8 30. Nb5 Nd3 31. Rc6 Nb2 32. Nc3 Nf6 33. Nc5 d4
34. Nb5 d3 35. Rxf6 d2 36. Nc3 Rc8 37. Rd6 Rxc5 38. Rxd2 Rxc3 39. Rxb2 Rc1+ 40.
Kh2 Rc4 41. Rb8+ Kg7 42. Rb7+ Kg8 43. Rb8+ Kg7 44. Rb7+ Kg8 1/2-1/2

[Event "Corsica Masters/Corsican Circuit 2010"]
[Site "Bastia/France"]
[Date "2010.10.29"]
[Round "7"]
[White "Fressinet, Laurent"]
[Black "Malaniuk, Vladimir P"]
[Result "1-0"]
[ECO "A04"]
[WhiteElo "2697"]
[BlackElo "2543"]
[Annotator "Robot 3"]
[PlyCount "41"]
[EventDate "2010.??.??"]
[TimeControl "5400+30"]

1. Nf3 f5 2. d3 d6 3. e4 e5 4. Nc3 Nc6 5. exf5 Bxf5 6. d4 Nxd4 7. Nxd4 exd4 8.
Qxd4 c6 9. Bf4 Bxc2 10. Kd2 Bg6 11. Re1+ Kd7 12. g3 Qb6 13. Bh3+ Kc7 14. Bxd6+
Bxd6 15. Qxg7+ Kb8 16. Kc1 Qxf2 17. Ne4 Bf4+ 18. gxf4 Qxf4+ 19. Nd2 Qf6 20. Qd7
Qf8 21. Re8+ 1-0

[Event "Corsica Masters/Corsican Circuit 2010"]
[Site "Bastia/France"]
[Date "2010.10.29"]
[Round "7"]
[White "Guliyev, Namig"]
[Black "Meszaros, Tamas"]
[Result "1/2-1/2"]
[ECO "C67"]
[WhiteElo "2510"]
[BlackElo "2448"]
[Annotator "Robot 3"]
[PlyCount "79"]
[EventDate "2010.??.??"]
[TimeControl "5400+30"]

1. e4 e5 2. Nf3 Nc6 3. Bb5 Nf6 4. O-O Nxe4 5. Re1 Nd6 6. Nxe5 Be7 7. Bf1 Nxe5
8. Rxe5 O-O 9. d4 Bf6 10. Re1 Nf5 11. d5 d6 12. Nd2 c6 13. Ne4 Be7 14. c3 cxd5
15. Qxd5 Qb6 16. Bg5 Be6 17. Qd2 d5 18. Bxe7 Nxe7 19. Ng5 h6 20. Nxe6 fxe6 21.
Qe3 Qxe3 22. Rxe3 Rf6 23. Rae1 Kf7 24. g3 Nc6 25. f4 g5 26. Bh3 Re8 27. fxg5
hxg5 28. Bg4 Re7 29. Kg2 e5 30. Rd1 Rd6 31. Rf3+ Kg7 32. Bf5 d4 33. Rfd3 Red7
34. Be4 Nd8 35. Kf3 Rf7+ 36. Bf5 Rh6 37. Kg4 Nc6 38. h3 Nb8 39. Be4 Nd7 40. Rf3
1/2-1/2

[Event "Corsica Masters/Corsican Circuit 2010"]
[Site "Bastia/France"]
[Date "2010.10.29"]
[Round "7"]
[White "Horvath, Adam"]
[Black "Shchekachev, Andrei"]
[Result "1/2-1/2"]
[ECO "B42"]
[WhiteElo "2501"]
[BlackElo "2546"]
[Annotator "Robot 3"]
[PlyCount "69"]
[EventDate "2010.??.??"]
[TimeControl "5400+30"]

1. e4 c5 2. Nf3 e6 3. d4 cxd4 4. Nxd4 a6 5. Bd3 Bc5 6. Nb3 Be7 7. Qg4 g6 8. Qe2
d6 9. c4 b6 10. Nc3 Bb7 11. O-O Nd7 12. Be3 Ngf6 13. Bh6 Ne5 14. Rac1 Nfg4 15.
Bg7 Rg8 16. Bxe5 Nxe5 17. f4 Nxd3 18. Qxd3 Rc8 19. Nd4 Qc7 20. b3 Kf8 21. Kh1
Bf6 22. e5 Be7 23. exd6 Qxd6 24. Ne4 Bxe4 25. Qxe4 Kg7 26. Rcd1 Bf6 27. Rd3 Qc5
28. Rfd1 Rgd8 29. h3 b5 30. cxb5 axb5 31. R1d2 Qc1+ 32. Rd1 Qc5 33. R1d2 Qc1+
34. Rd1 Qc5 35. R1d2 1/2-1/2